 Dungeon Crawl Stone Soup version 0.24.1-1-gd1d2a07e1b (webtiles) character file.

Game seed: 8369438750798396234, levelgen mode: deterministic

371 Curus the Spear-Bearer (level 6, 0/51 HPs)
             Began as a Minotaur Gladiator on Apr 11, 2020.
             Succumbed to an adder's poison
             ... in a sewer.
             The game lasted 00:16:37 (2974 turns).

Curus the Spear-Bearer (Minotaur Gladiator)         Turns: 2974, Time: 00:16:38

Health: 0/51       AC:  4    Str: 21    XL:     6   Next: 42%
Magic:  5/5        EV: 12    Int:  9    God:
Gold:   109        SH:  0    Dex: 11    Spells: 5/5 levels left

rFire    . . .     SeeInvis +   a - +0 trident
rCold    . . .     Gourm    .   (no shield)
rNeg     . . .     Faith    .   b - +0 leather armour
rPois    .         Spirit   .   e - +2 hat
rElec    .         Reflect  .   (no cloak)
rCorr    .         Harm     .   (no gloves)
MR       +....                  (no boots)
Stlth    +.........             (no amulet)
HPRegen  0.17/turn              h - ring of see invisible
MPRegen  0.09/turn              (no ring)

@: lethally poisoned (0 -> -1), very slow
A: retaliatory headbutt, horns 2, talons 1, rugged brown scales 1, clever 1,
deformed body, magic resistance 1, strong 1
a: no special abilities


You were in a sewer.
You were not hungry.

You visited 1 branch of the dungeon, and saw 3 of its levels.
You also visited: Sewer.

You collected 109 gold pieces.

Inventory:

Hand Weapons
 a - a +0 trident (weapon)
Missiles
 d - 3 throwing nets (quivered)
Armour
 b - a +0 leather armour (worn)
 c - a +0 hat
 e - a +2 hat (worn)
Jewellery
 h - a ring of see invisible (left hand)
Scrolls
 k - a scroll of remove curse
 l - a scroll of fear
Potions
 g - 2 potions of flight
 j - a potion of cancellation
Comestibles
 f - 2 rations
 m - 3 chunks of flesh


   Skills:
 - Level 2.4 Fighting
 + Level 8.8 Polearms
 - Level 2.0 Throwing
 - Level 3.2 Dodging


You had 5 spell levels left.
You didn't know any spells.
Your spell library was empty.

Dungeon Overview and Level Annotations

Branches:
Dungeon (3/15)              Sewer (1/1)

Altars:

Annotations:
D:3 Grinder


Innate Abilities, Weirdness & Mutations

You reflexively headbutt those who attack you in melee.
You have a pair of horns on your head.
You have sharp toenails.
You are partially covered in rugged brown scales. (AC +1, +3% HP)
Your mind is acute. (Int +2)
Armour fits poorly on your strangely shaped body.
You are resistant to hostile enchantments. (MR+)
Your muscles are strong. (Str +2)


Message History

Moving in this stuff is going to be slow.
* * * LOW HITPOINT WARNING * * *
You feel sick.
* * * LOW HITPOINT WARNING * * *
You feel sick.
You enter the shallow water.
Moving in this stuff is going to be slow.
* * * LOW HITPOINT WARNING * * *
You feel sick.
You enter the shallow water.
Moving in this stuff is going to be slow.
* * * LOW HITPOINT WARNING * * *
You feel sick.
* * * LOW HITPOINT WARNING * * *
You feel sick.
* * * LOW HITPOINT WARNING * * *
You feel sick.
You enter the shallow water.
Moving in this stuff is going to be slow.
You die...

≈≈≈.##≈≈≈.≈≈.≈.##≈
.≈≈..≈≈..≈.≈.≈...
#.≈..≈..≈...≈..≈≈
#≈≈≈..≈≈.∩.≈..≈≈≈
#≈≈.≈.≈......≈≈.≈
#≈≈.≈....∩.≈..≈.≈
##≈.......≈......≈
##≈.≈≈≈.≈..≈≈...≈≈≈
#.@≈≈##≈.≈..≈≈≈.##≈
#≈.≈≈..≈≈####≈.≈≈≈≈≈####
#≈≈≈≈≈≈≈.# ##≈.≈....## #
#≈.≈.≈≈.####≈≈≈≈.≈≈≈.###
≈≈########≈≈≈≈≈≈≈≈..≈≈.#
# #≈≈≈≈.#####≈≈≈≈≈
#≈.≈≈## ##≈≈≈≈ #.≈.##
##.≈. #≈≈.# #≈≈.


There were no monsters in sight!

Vanquished Creatures
  2 big kobolds (Sewer)
  7 adders
  4 gnolls
  A river rat (D:3)
  2 oozes (Sewer)
  11 worms
  A dart slug (D:1)
  3 leopard geckos (D:1)
  4 ball pythons
  4 giant cockroaches (D:1)
  10 goblins
  9 hobgoblins
  5 jackals (D:1)
  A quokka (D:2)
  8 bats
  3 frilled lizards
  4 kobolds
  9 rats
88 creatures vanquished.

Notes
Turn   | Place    | Note
-------+----------+-------------------------------------------
     0 | D:1      | Curus the Minotaur Gladiator began the quest for the Orb.
     0 | D:1      | Reached XP level 1. HP: 18/18 MP: 0/0
    25 | D:1      | Reached skill level 4 in Polearms
    52 | D:1      | Reached XP level 2. HP: 25/25 MP: 1/1
    81 | D:1      | Gained mutation: You have sharp toenails. [potion of
                  | mutation]
    81 | D:1      | Gained mutation: You tend to lose your temper in combat.
                  | [potion of mutation]
    81 | D:1      | Gained mutation: Armour fits poorly on your strangely
                  | shaped body. [potion of mutation]
    81 | D:1      | Gained mutation: Your mind is acute. (Int +2) [potion of
                  | mutation]
   186 | D:1      | Reached skill level 5 in Polearms
   186 | D:1      | Reached XP level 3. HP: 6/30 MP: 2/2
  1135 | D:2      | Reached XP level 4. HP: 37/37 MP: 3/3
  1146 | D:2      | Reached skill level 6 in Polearms
  1798 | D:3      | Noticed Grinder
  2165 | D:3      | Reached skill level 7 in Polearms
  2165 | D:3      | Reached XP level 5. HP: 20/42 MP: 4/4
  2502 | D:3      | Found a glowing drain.
  2514 | Sewer    | Entered a sewer
  2543 | Sewer    | HP: 2/42 [big kobold/+0 short sword (6)]
  2544 | Sewer    | Reached skill level 8 in Polearms
  2739 | Sewer    | Reached XP level 6. HP: 35/50 MP: 5/5
  2957 | Sewer    | Lost mutation: You tend to lose your temper in combat.
                  | [potion of mutation]
  2957 | Sewer    | Lost mutation: Armour fits poorly on your strangely shaped
                  | body. [potion of mutation]
  2957 | Sewer    | Gained mutation: Your muscles are strong. (Str +2) [potion
                  | of mutation]
  2957 | Sewer    | Gained mutation: Armour fits poorly on your strangely
                  | shaped body. [potion of mutation]
  2957 | Sewer    | Gained mutation: You are resistant to hostile enchantments.
                  | (MR+) [potion of mutation]
  2957 | Sewer    | Gained mutation: You are partially covered in rugged brown
                  | scales. (AC +1, +3% HP) [potion of mutation]
  2959 | Sewer    | HP: 2/51 [poisoned by an adder]
  2964 | Sewer    | HP: 1/51 [poisoned by an adder]
  2970 | Sewer    | HP: 1/51 [poisoned by an adder]
  2974 | Sewer    | Succumbed to an adder's poison

Levels and vault maps discovered:
D:1:      shiori_arrival_maze, layout_loops_ring
D:2:      layout_rooms
D:3:      layout_loops_ring, lightli_sewer_entry_pipes, serial_forest,
          infiniplex_forest_pool, infiniplex_forest_clump_long,
          infiniplex_forest_zigzag_1, infiniplex_forest_straight_3, uniq_grinder
Sewer:    sewer_co_tree

Skill      XL: |  1  2  3  4  5 |
---------------+----------------+-----
Polearms       | 4 5 7 8 |  8.8
Fighting       | |  2.4
Throwing       | |  2.0
Dodging        | |  3.2

Action                   |  1- 3 |  4- 6 || total
-------------------------+-------+-------++-------
Melee: Trident           |    93 |   178 ||   271
       Kick              |    16 |    33 ||    49
       Headbutt          |     7 |    17 ||    24
  Use: Scroll            |     5 |       ||     5
       Potion            |     2 |     6 ||     8
 Stab: Sleeping          |     2 |       ||     2
       Invisible         |       |     1 ||     1
  Eat: Chunk             |     1 |     6 ||     7
Armor: Leather armour    |    10 |    18 ||    28
Dodge: Dodged            |    36 |    75 ||   111
